 Dungeon Crawl Stone Soup version 0.28.0 (webtiles) character file.

Game seed: 13573991360473561260

595 mortz the Conjurer (level 7, -2/50 HPs)
             Began as a Human Conjurer on Feb 17, 2022.
             Was a Believer of Elyvilon.
             Blown up by Ijyb (16 damage)
             ... with a mindburst bolt
             ... on level 5 of the Dungeon.
             The game lasted 00:38:25 (5831 turns).

mortz the Conjurer (Human Conjurer)                 Turns: 5831, Time: 00:38:26

Health: -2/50      AC:  6    Str:  7    XL:     7   Next: 67%
Magic:  3/13       EV: 11    Int: 20    God:    Elyvilon [**....]
Gold:   90         SH:  0    Dex: 12    Spells: 11/14 levels left

rFire   . . .      SeeInvis .   t - +2 short sword (elec)
rCold   . . .      Faith    .   (no shield)
rNeg    . . .      Spirit   .   h - +1 leather armour
rPois   .          Reflect  .   p - +0 helmet
rElec   .          Harm     .   a - +0 cloak
rCorr   .          Rampage  .   (no gloves)
Will    .....                   (no boots)
Stlth   ++........              (no amulet)
HPRegen 0.16/turn               (no ring)
MPRegen 0.13/turn               (no ring)

@: about to teleport
A: no striking features
a: Renounce Religion, Purification, Heal Other


You were on level 5 of the Dungeon.
You worshipped Elyvilon.
Elyvilon was pleased with you.
You visited 1 branch of the dungeon, and saw 5 of its levels.

You collected 145 gold pieces.
You spent 55 gold pieces at shops.

Inventory:

Hand Weapons
 d - a +2 dagger of venom
 o - a +0 long sword
 q - a +1 vorpal mace
 r - a +1 dagger of speed
 s - a +1 spear of flaming
 t - a +2 short sword of electrocution (weapon)
Missiles
 g - 11 poisoned darts
Armour
 a - a +0 cloak (worn)
 h - a +1 leather armour (worn)
 p - a +0 helmet (worn)
Wands
 u - a wand of iceblast (5)
Scrolls
 c - a scroll of summoning
 i - a scroll of teleportation
 j - 2 scrolls of magic mapping
 k - 2 scrolls of immolation
 l - 2 scrolls of enchant weapon
 n - 2 scrolls of identify
Potions
 b - a potion of curing
 e - 2 potions of lignification
 m - a potion of mutation


   Skills:
 + Level 2.0 Fighting
 * Level 2.3 Short Blades
 + Level 2.6 Armour
 + Level 2.3 Dodging
 + Level 2.5 Stealth
 + Level 4.1 Spellcasting
 + Level 5.7 Conjurations


You had 11 spell levels left.
You knew the following spells:

 Your Spells              Type           Power      Damage    Failure   Level
a - Magic Dart            Conj           100%       1d8       1%          1
b - Searing Ray           Conj           54%        2d6       2%          2

Your spell library contained the following spells:

 Spells                   Type           Power      Damage    Failure   Level
 Dazzling Flash           Conj/Hex       30%        N/A       17%         3
 Fulminant Prism          Conj/Hex       7%         3d7       50%         4
 Iskenderun's Mystic Bla  Conj/Tloc      15%        2d5       50%         4


Dungeon Overview and Level Annotations

Branches:
Dungeon (5/15)
 Temple: D:4-7

Altars:
Ashenzari
Dithmenos
Elyvilon
Makhleb
Nemelex Xobeh
Sif Muna

Shops:
D:1 ?

Annotations:
D:5 Ijyb


Message History

The white imp is lightly wounded.
Aiming: Magic Dart (safe; 1% risk of failure)
Press: ? - help, Q - select action, (/) - cycle Shift-Dir - straight line, f/p - white imp
Aim: a white imp (lightly wounded, 100% to hit)
The magic dart hits the white imp.
The white imp is severely wounded.
The white imp gestures at you. The puff of frost hits you!
Casting: Magic Dart (safe; 1% risk of failure)
Confirm with . or Enter, or press ? or * to list all spells.
Aiming: Searing Ray (safe; 2% risk of failure)
Press: ? - help, Shift-Dir - straight line, f - Ijyb, p - white imp
Aim: Ijyb, wielding a +0 dagger, wearing a +2 ring mail of positive energy and carrying a wand of mindburst (11) (wandering, hasn't noticed you, 77% to hit)
The searing ray hits the white imp.
You kill the white imp!
The searing ray hits Ijyb.
Ijyb is lightly wounded.
Ijyb shouts! (Press . to maintain the ray.)
The searing ray hits Ijyb.
Ijyb is moderately wounded.
The searing ray hits Ijyb but does no damage.
Ijyb is moderately wounded.
Ijyb closely misses you.
The searing ray misses Ijyb.
You finish channelling your searing ray.
Ijyb zaps a wand.
Your mind is blasted!
* * * LOW HITPOINT WARNING * * *
As you read the scroll of teleportation, it crumbles to dust.
You feel strangely unstable. Ijyb hits you but does no damage.
Casting: Searing Ray (safe; 2% risk of failure)
Confirm with . or Enter, or press ? or * to list all spells.
Aiming: Searing Ray (safe; 2% risk of failure)
Press: ? - help, Shift-Dir - straight line, f/p - Ijyb
Aim: Ijyb, wielding a +0 dagger, wearing a +2 ring mail of positive energy and carrying a wand of mindburst (10) (moderately wounded, 77% to hit)
The searing ray hits Ijyb!
Ijyb is severely wounded. (Press . to maintain the ray.) Ijyb zaps a wand.
Your mind is blasted!
You die...

######
#@g..#
####†#
#.#
#!#
#.#
#g#
..#
###


You could see Ijyb.

Vanquished Creatures
  Sigmund (D:3)
  A scorpion (D:4)
  A howler monkey (D:4)
  2 hounds
  An orc priest (D:3)
  2 orc wizards (D:3)
  A hound skeleton (D:4)
  4 gnolls (D:4)
  5 adders
  A white imp (D:5)
  An ufetubus (D:4)
  A worm (D:2)
  5 dart slugs
  5 orcs
  3 ball pythons
  5 bats
  8 endoplasms
  4 giant cockroaches
  4 goblins
  3 hobgoblins
  6 jackals (D:4)
  3 quokkas
  4 frilled lizards (D:1)
  10 kobolds
  4 rats
85 creatures vanquished.

Vanquished Creatures (others)
  A kobold (D:3)
  2 withered plants (D:2)
3 creatures vanquished.

Grand Total: 88 creatures vanquished

Notes
Turn   | Place    | Note
-------+----------+-------------------------------------------
     0 | D:1      | mortz the Human Conjurer began the quest for the Orb.
     0 | D:1      | Reached XP level 1. HP: 13/13 MP: 3/3
     2 | D:1      | Noticed a merfolk
     2 | D:1      | Noticed a vampire
     4 | D:1      | Noticed a vine stalker
     4 | D:1      | Noticed a dwarf
     6 | D:1      | Noticed a ghoul
     8 | D:1      | Noticed a spriggan
     8 | D:1      | Noticed an ogre
    10 | D:1      | Noticed a felid
    12 | D:1      | Noticed a human
    14 | D:1      | Noticed a troll
    16 | D:1      | Noticed a naga
    16 | D:1      | Noticed a minotaur
    18 | D:1      | Noticed a demonspawn
    18 | D:1      | Noticed a formicid
    20 | D:1      | Noticed a tengu
    20 | D:1      | Noticed a gargoyle
    22 | D:1      | Noticed an elf
    24 | D:1      | Noticed an octopode
    24 | D:1      | Noticed a demigod
    27 | D:1      | Noticed a draconian
   332 | D:1      | Found Cuoq's Magic Scroll Shop.
   336 | D:1      | Bought a scroll of identify for 22 gold pieces
   390 | D:1      | Reached XP level 2. HP: 19/19 MP: 1/5
   787 | D:1      | Learned a level 2 spell: Searing Ray
  1020 | D:1      | Bought a scroll of teleportation for 33 gold pieces
  1076 | D:1      | Reached XP level 3. HP: 24/24 MP: 4/6
  1409 | D:2      | Found a faded altar of an unknown god.
  2598 | D:3      | Reached XP level 4. HP: 30/30 MP: 3/7
  2642 | D:3      | Found a white marble altar of Elyvilon.
  2676 | D:3      | Became a worshipper of Elyvilon the Healer
  2919 | D:3      | Reached skill level 1 in Short Blades
  3011 | D:2      | Reached XP level 5. HP: 17/36 MP: 5/9
  3212 | D:3      | Reached skill level 1 in Fighting
  3214 | D:3      | Reached skill level 1 in Armour
  3214 | D:3      | Reached skill level 5 in Conjurations
  3403 | D:3      | Noticed Sigmund
  3511 | D:3      | Killed Sigmund
  3512 | D:3      | Reached XP level 6. HP: 24/44 MP: 0/11
  3801 | D:3      | Found a sparkling altar of Nemelex Xobeh.
  4125 | D:3      | Reached XP level 7. HP: 49/49 MP: 9/12
  4318 | D:4      | Reached * piety under Elyvilon
  4460 | D:4      | Found a broken altar of Ashenzari.
  4471 | D:4      | Found a shadowy altar of Dithmenos.
  5453 | D:4      | Found a burning altar of Makhleb.
  5515 | D:4      | Found a shimmering blue altar of Sif Muna.
  5814 | D:5      | Entered Level 5 of the Dungeon
  5816 | D:5      | Reached ** piety under Elyvilon
  5820 | D:5      | Noticed Ijyb
  5831 | D:5      | Blown up by Ijyb

Illustrated notes

Levels and vault maps discovered:
D:1:      kb_arrival_jail, layout_loops_ring, serial_shops, shop,
          minmay_pentomino_o4
D:2:      layout_basic, ebering_ecumenical_altar_petrified
D:3:      layout_basic, lemuel_crystal_altar, elyvilon_altar_4, chequers_garden,
          minmay_fractal_squares_5, uniq_sigmund
D:4:      layout_basic, grunt_dithmenos_smoke, general_overflow_altar,
          ashenzari_conservatory_becter, lemuel_blue_sif_altar,
          grunt_decor_mini_mirrors
D:5:      layout_basic, nicolae_wu_jian_immortal_techniques,
          nicolae_overflow_squiral, uniq_eustachio, uniq_ijyb

Skill      XL: |  1  2  3  4  5  6  7 |
---------------+----------------------+-----
Short Blades   | 1 2 |  2.3
Fighting       | 1 2 |  2.0
Spellcasting   | 3 4 |  4.1
Armour         | 1 2 |  2.6
Conjurations   | 5 |  5.7
Dodging        | |  2.3
Stealth        | |  2.5

Action                   |  1- 3 |  4- 6 |  7- 9 || total
-------------------------+-------+-------+-------++-------
Melee: Unarmed           |     8 |       |       ||     8
       Dagger            |     4 |       |       ||     4
       Short sword       |       |       |     5 ||     5
 Cast: Magic Dart        |    57 |    47 |    49 ||   153
       Searing Ray       |     7 |    11 |     9 ||    27
  Use: Scroll            |     9 |     3 |     1 ||    13
Armor: Robe              |     3 |       |       ||     3
       Leather armour    |     4 |     4 |     1 ||     9
Dodge: Dodged            |    21 |    18 |     5 ||    44
